 Dungeon Crawl Stone Soup version 0.21.1-1-g345015fe64 (webtiles) character file.

1682 Unreal the Poker (level 8, -2/73 HPs)
             Began as a Minotaur Gladiator on Mar 12, 2018.
             Slain by a dagger (5 damage)
             ... on level 5 of the Dungeon.
             The game lasted 00:20:32 (5357 turns).

Unreal the Poker (Minotaur Gladiator)               Turns: 5357, Time: 00:20:34

Health: -2/73      AC:  8    Str: 25    XL:     8   Next: 71%
Magic:  10/10      EV: 15    Int:  5    God:
Gold:   224        SH:  0    Dex: 13    Spells: 9/12 levels left

rFire    x . .     SeeInvis .   E - +2 scythe (freeze)
rCold    + . .     Gourm    .   (shield currently unavailable)
rNeg     . . .     Faith    .   b - +0 leather armour
rPois    .         Spirit   .   c - +0 hat
rElec    .         Reflect  .   t - +0 cloak
rCorr    .         Harm     .   y - +0 pair of gloves
MR       .....                  (no boots)
Stlth    +.........             g - amulet of magic regeneration
HPRegen  0.22/turn              s - ring of ice
MPRegen  0.37/turn              w - +3 ring of protection

@: mighty, very slightly contaminated
A: retaliatory headbutt, horns 2
a: no special abilities


You were on level 5 of the Dungeon.
You were not hungry.

You visited 1 branch of the dungeon, and saw 5 of its levels.

You collected 224 gold pieces.

Inventory:

Hand Weapons
 E - a +2 scythe of freezing (weapon)
Missiles
 d - 5 throwing nets (quivered)
Armour
 b - a +0 leather armour (worn)
 c - a +0 hat (worn)
 t - a +0 cloak (worn)
 y - a +0 pair of gloves (worn)
Jewellery
 g - an amulet of magic regeneration (around neck)
 s - a ring of ice (left hand)
 w - a +3 ring of protection (right hand)
Wands
 r - a wand of digging (16)
Scrolls
 e - 2 scrolls of fog
 j - a scroll of remove curse
 l - a scroll of enchant weapon {unknown}
 n - a scroll of enchant armour {unknown}
 o - a scroll of magic mapping {unknown}
 p - 3 scrolls of teleportation
 q - a scroll of immolation {unknown}
 u - a scroll of amnesia {unknown}
 x - a scroll of blinking {unknown}
 z - a scroll of identify
Potions
 h - a potion of invisibility {unknown}
 i - a potion of curing
 k - a potion of berserk rage {unknown}
 m - a potion of might
 v - a potion of mutation {unknown}
 B - a potion of degeneration {unknown}
 C - a potion of heal wounds {unknown}
Books
 A - a book of Geomancy

   Spells                             Type                      Level
   a - Sandblast                      Earth                        1
   b - Passwall                       Transmutation/Earth          2
   c - Stone Arrow                    Conjuration/Earth            3
   d - Petrify                        Transmutation/Earth          4
   e - Lee's Rapid Deconstruction     Earth                        5
Comestibles
 f - 4 rations


   Skills:
 + Level 7.0 Fighting
 + Level 7.5 Polearms
 - Level 2.0 Throwing
 + Level 6.8 Dodging
 - Level 2.5 Spellcasting
 - Level 3.1 Earth Magic


You had 9 spell levels left.
You knew the following spells:

 Your Spells              Type           Power        Failure   Level  Hunger
a - Sandblast             Erth           #.....       13%         1    ##.....
b - Passwall              Tmut/Erth      #.........   36%         2    ###....


Dungeon Overview and Level Annotations

Branches:
Dungeon (5/15)             Temple (0/1) D:5

Altars:
Ashenzari
Fedhas
Kikubaaqudgha
Ru
Uskayaw


Innate Abilities, Weirdness & Mutations

You reflexively headbutt those who attack you in melee.
You have a pair of horns on your head.


Message History

The dagger completely misses you.
You feel better. The dagger hits you but does no damage. The dagger misses you.
You feel very mighty all of a sudden. The dagger hits you.
* * * LOW HITPOINT WARNING * * *
The dagger hits you.
* * * LOW HITPOINT WARNING * * *
You hit the dagger.
The dagger is severely damaged.
The dagger hits you.
* * * LOW HITPOINT WARNING * * *
The dagger hits you but does no damage. x2
You miss the dagger. Your headbutt misses the dagger.
The dagger is heavily damaged.
The dagger hits you.
* * * LOW HITPOINT WARNING * * *
The dagger hits you.
* * * LOW HITPOINT WARNING * * *
The dagger hits you.
You die...

#.......#...#####.........####..
#......##..........♣.♣..........
#......##...###.....>..#######..
#......#.<..# ####.♣.♣..######..
#........#########..............
#......### ###..................
#......# #..........#.........
#......#####.#####............##
#............#(@.#....#.........
###########..#.).#.####.......##
#..#####.# #.......# #........#
#...[...# #..!._...# #########
#.......## ##...#### #####


You could see a dagger.

Vanquished Creatures
  A dancing weapon (D:5)
  Sigmund (D:4)
  Duvessa (D:4)
  A hornet zombie (D:5)
  Dowan (D:4)
  A scorpion (D:5)
  3 hounds
  An orc priest (D:2)
  A bullfrog skeleton (D:5)
  7 orc wizards
  An iguana (D:4)
  Natasha (thrice) (D:3 D:4)
  2 worker ants
  2 adders
  An adder zombie (D:3)
  An adder skeleton (D:5)
  2 dart slugs (D:1)
  A leopard gecko (D:4)
  23 orcs
  A ball python (D:1)
  5 giant cockroaches
  5 goblins
  9 hobgoblins
  4 jackals
  2 quokkas
  A bat (D:2)
  6 frilled lizards
  2 kobolds
  6 rats
95 creatures vanquished.

Vanquished Creatures (others)
  2 plants (D:2)
2 creatures vanquished.

Grand Total: 97 creatures vanquished

Notes
Turn   | Place    | Note
-------+----------+-------------------------------------------
     0 | D:1      | Unreal the Minotaur Gladiator began the quest for the Orb.
     0 | D:1      | Reached XP level 1. HP: 18/18 MP: 0/0
   420 | D:1      | Reached XP level 2. HP: 25/25 MP: 1/1
  1074 | D:2      | Reached XP level 3. HP: 26/31 MP: 2/2
  1125 | D:2      | Found a shattered altar of Ashenzari.
  1129 | D:2      | Saw a vision of the Swamp and the Snake Pit.
  1129 | D:2      | Noticed a naga sharpshooter
  1129 | D:2      | Noticed a bullfrog
  1129 | D:2      | Noticed a shock serpent
  1129 | D:2      | Noticed an alligator
  1129 | D:2      | Noticed a black mamba
  1129 | D:2      | Noticed a black mamba
  1129 | D:2      | Noticed a guardian serpent
  1129 | D:2      | Noticed a naga
  1129 | D:2      | Noticed a naga
  1129 | D:2      | Noticed a swamp drake
  1130 | D:2      | Noticed a hornet
  1130 | D:2      | Noticed a salamander
  1130 | D:2      | Noticed a naga sharpshooter
  1131 | D:2      | Noticed a naga mage
  1576 | D:2      | Reached XP level 4. HP: 35/40 MP: 3/3
  2108 | D:3      | Noticed Natasha
  2113 | D:3      | Killed Natasha
  2113 | D:3      | Reached XP level 5. HP: 33/46 MP: 4/4
  2207 | D:3      | Found an ancient bone altar of Kikubaaqudgha.
  2215 | D:3      | Reached skill level 5 in Polearms
  2292 | D:3      | Noticed Natasha
  2307 | D:4      | Killed Natasha
  2308 | D:4      | Found a blossoming altar of Fedhas.
  2511 | D:3      | Found a sacrificial altar of Ru.
  3058 | D:4      | Reached skill level 5 in Dodging
  3070 | D:4      | Reached XP level 6. HP: 32/55 MP: 5/5
  3369 | D:4      | Learned a level 1 spell: Sandblast
  3420 | D:4      | Learned a level 2 spell: Passwall
  3538 | D:4      | Reached skill level 1 in Earth Magic
  3714 | D:4      | Noticed Natasha
  3719 | D:4      | Killed Natasha
  3719 | D:4      | Reached skill level 1 in Spellcasting
  4203 | D:5      | Entered Level 5 of the Dungeon
  4211 | D:5      | Noticed Duvessa
  4212 | D:5      | Noticed Dowan
  4402 | D:4      | Killed Duvessa
  4402 | D:4      | Reached XP level 7. HP: 23/60 MP: 6/8
  4405 | D:4      | Killed Dowan
  4745 | D:5      | Noticed Sigmund
  5050 | D:4      | Killed Sigmund
  5050 | D:4      | Reached skill level 5 in Fighting
  5116 | D:5      | Reached XP level 8. HP: 64/69 MP: 10/10
  5289 | D:5      | Noticed a dagger
  5289 | D:5      | Noticed a hand axe
  5291 | D:5      | Found a hide-covered altar of Uskayaw.
  5301 | D:5      | Found a staircase to the Ecumenical Temple.
  5344 | D:5      | Killed a hand axe
  5357 | D:5      | HP: 3/73 [dagger (5)]
  5357 | D:5      | Slain by a dagger

Skill      XL: |  1  2  3  4  5  6  7  8 |
---------------+-------------------------+-----
Polearms       | 4 5 6 7 |  7.5
Fighting       | 3 4 5 7 |  7.0
Dodging        | 4 5 6 |  6.8
Earth Magic    | 2 3 |  3.1
Spellcasting   | 1 2 |  2.5
Throwing       | |  2.0

Action                   |  1- 3 |  4- 6 |  7- 9 || total
-------------------------+-------+-------+-------++-------
Melee: Trident           |    59 |   139 |    58 ||   256
       Headbutt          |     7 |    23 |     7 ||    37
       Scythe            |       |       |    23 ||    23
 Cast: Passwall          |       |     1 |     3 ||     4
  Use: Scroll            |       |     6 |       ||     6
       Potion            |       |       |     3 ||     3
 Stab: Sleeping          |       |     2 |       ||     2
  Eat: Ration            |     1 |     3 |     1 ||     5
Armor: Leather armour    |    10 |    47 |    55 ||   112
Dodge: Dodged            |    27 |    83 |   131 ||   241
